 Dungeon Crawl Stone Soup version 0.20-a0-350-ga83eecc (webtiles) character file.

1919 shinino the Cleaver (level 8, -1/66 HPs)
             Began as a Minotaur Berserker on Dec 23, 2016.
             Was a Priest of Trog.
             Slain by an orc warrior
             ... wielding a +0 trident
              (9 damage)
             ... on level 6 of the Dungeon.
             The game lasted 00:09:42 (4435 turns).

shinino the Cleaver (Minotaur Berserker)            Turns: 4435, Time: 00:09:43

Health: -1/66      AC: 14    Str: 23    XL:     8   Next: 95%
Magic:  7/7        EV:  8    Int:  4    God:    Trog [***...]
Gold:   315        SH:  0    Dex:  9    Spells: 7/7 levels left

rFire  . . .     SeeInvis .     d - +0 war axe
rCold  . . .     Gourm    .     f - +0 plate armour
rNeg   . . .     Faith    .     (no shield)
rPois  .         Spirit   .     (helmet restricted)
rElec  .         Reflect  .     (no cloak)
rCorr  .         Harm     .     y - +0 pair of gloves
MR     ++...     Rnd*Rage +     (no boots)
Stlth  ..........               s - amulet of rage (curse)
                                (no ring)
                                (no ring)

@: regenerating, drained
A: retaliatory headbutt, horns 2, berserk 1, clumsy 1, frail 1, regeneration 1,
wild magic 1, sturdy frame 1
a: Berserk, Trog's Hand, Burn Spellbooks, Renounce Religion, Evoke Berserk Rage


You were on level 6 of the Dungeon.
You worshipped Trog.
Trog was most pleased with you.
You were very hungry.

You visited 1 branch of the dungeon, and saw 6 of its levels.

You collected 315 gold pieces.

Inventory:

Hand Weapons
 d - a +0 war axe (weapon)
Armour
 f - a +0 plate armour (worn)
 y - a +0 pair of gloves (worn)
Jewellery
 s - a cursed amulet of rage (around neck)
Wands
 b - a wand of digging (16/24)
 p - a wand of flame (22/48)
Scrolls
 g - 4 scrolls of enchant weapon
 i - 3 scrolls of enchant armour
 j - a scroll of teleportation
 l - 3 scrolls of recharging
 r - a scroll of magic mapping {unknown}
 x - a scroll of random uselessness {unknown}
 z - a scroll of silence {unknown}
 A - a scroll of immolation {unknown}
Potions
 h - 2 potions of curing
 k - a potion of lignification
 n - 2 potions of cancellation
 o - a potion of haste {unknown}
 q - a potion of berserk rage {unknown}
 t - 2 potions of flight
 u - 2 potions of agility
Comestibles
 a - a slice of pizza
 c - 4 bread rations
 m - 2 beef jerkies
 v - 3 meat rations
 w - 6 fruits


   Skills:
 + Level 7.8(7.3) Fighting
 + Level 10.5(10.0) Axes
 + Level 7.2(6.7) Armour
 - Level 2.1(1.7) Dodging


You had 7 spell levels left.
You didn't know any spells.

Dungeon Overview and Level Annotations

Branches:
Dungeon (6/15)             Temple (0/1) D:4

Altars:
Elyvilon
Okawaru
Sif Muna
Uskayaw


Innate Abilities, Weirdness & Mutations

You reflexively headbutt those who attack you in melee.
You have a pair of horns on your head.
You tend to lose your temper in combat.
You are clumsy. (Dex -2)
You are frail. (-10% HP)
Your natural rate of healing is unusually fast.
Your spells are a little harder to cast, but a little more powerful.
Your movements are slightly less encumbered by armour. (ER -2)


Message History

Trog accepts your kill.
You hit the orc warrior.
The orc warrior hits you but does no damage.
You barely miss the orc.
You hit the orc warrior but do no damage.
The orc barely misses you. You furiously retaliate!
You headbutt the orc. The orc warrior barely misses you.
You furiously retaliate!
You headbutt the orc warrior.
Your plate armour prevents you from hitting the orc.
The orc is heavily wounded.
You hit the orc warrior. The orc warrior completely misses you.
You barely miss the orc warrior.
You headbutt the orc warrior, but do no damage.
You hit the orc warrior.
The orc warrior hits you but does no damage.
The orc warrior hits you with a broad axe!
* * * LOW HITPOINT WARNING * * *
You feel the effects of Trog's Hand fading.
The orc warrior hits you from afar with a trident!
You die...

.<... ...
... #.#
.######.#
........#
#######o##
##.o.##
##@)...##
##.......##
#.........#
+.>.......+
#.........#
##[......##
##.....##
##...##
###'##


You could see 2 orc warriors.

Vanquished Creatures
  The ghost of cerealjynx the Cleaver, a novice DDGl (D:4)
  Sigmund (D:3)
  2 sky beasts
  2 ogres
  2 scorpions
  2 howler monkeys
  5 wights (D:6)
  4 orc priests
  A jelly (D:5)
  A hound (D:3)
  A bullfrog skeleton (D:5)
  Ijyb (D:2)
  Jessica (D:3)
  Natasha (D:3)
  An iguana (D:5)
  4 orc wizards
  4 worker ants
  The ghost of terra52 the Stinger, a weakling FoVM (D:3)
  A worker ant zombie (D:5)
  3 gnolls (D:2)
  8 adders
  4 worms
  A dart slug (D:2)
  18 orcs
  A giant cockroach (D:4)
  6 hobgoblins
  3 kobolds
  2 quokkas
  A ball python (D:2)
  5 bats
  3 frilled lizards
  6 goblins
  A jackal zombie (D:6)
  9 rats
107 creatures vanquished.

Notes
Turn   | Place    | Note
-------+----------+-------------------------------------------
     0 | D:1      | shinino the Minotaur Berserker began the quest for the Orb.
     0 | D:1      | Reached XP level 1. HP: 19/19 MP: 0/0
   166 | D:1      | Reached skill level 4 in Axes
   445 | D:1      | Reached XP level 2. HP: 26/26 MP: 1/1
   884 | D:2      | Noticed Ijyb
   894 | D:2      | Reached skill level 5 in Axes
   911 | D:2      | Reached XP level 3. HP: 14/31 MP: 2/2
  1165 | D:2      | Found a hide-covered altar of Uskayaw.
  1226 | D:2      | Killed Ijyb
  1226 | D:2      | Reached skill level 6 in Axes
  1226 | D:2      | Reached XP level 4. HP: 26/39 MP: 0/3
  1246 | D:2      | Reached ** piety under Trog
  1683 | D:3      | Noticed Sigmund
  1704 | D:3      | Reached XP level 5. HP: 26/45 MP: 4/4
  1723 | D:3      | Killed Sigmund
  1723 | D:3      | Reached skill level 8 in Axes
  1723 | D:3      | Reached XP level 6. HP: 29/51 MP: 5/5
  1767 | D:3      | Noticed Jessica
  1775 | D:3      | Killed Jessica
  1877 | D:3      | Noticed terra52's ghost (weakling FoVM)
  1881 | D:3      | Killed terra52's ghost
  2378 | D:3      | Noticed Natasha
  2382 | D:3      | Killed Natasha
  2576 | D:4      | Reached XP level 7. HP: 54/60 MP: 6/6
  2596 | D:4      | Found a staircase to the Ecumenical Temple.
  2712 | D:4      | Reached skill level 5 in Fighting
  2789 | D:4      | Noticed cerealjynx's ghost (novice DDGl)
  2802 | D:4      | Killed cerealjynx's ghost
  2802 | D:4      | Reached skill level 9 in Axes
  2830 | D:4      | Found a deep blue altar of Sif Muna.
  2958 | D:4      | Reached skill level 5 in Armour
  2958 | D:4      | Reached XP level 8. HP: 70/70 MP: 7/7
  3101 | D:4      | Reached *** piety under Trog
  3346 | D:5      | Entered Level 5 of the Dungeon
  3436 | D:5      | Reached skill level 10 in Axes
  3519 | D:5      | Gained mutation: Your spells are a little harder to cast, but a little more powerful. [mutagenic meat]
  3520 | D:5      | Gained mutation: You are clumsy. (Dex -2) [mutagenic meat]
  3937 | D:6      | Found an iron altar of Okawaru.
  4172 | D:6      | Gained mutation: You are frail. (-10% HP) [mutagenic meat]
  4173 | D:6      | Gained mutation: You tend to lose your temper in combat. [mutagenic meat]
  4174 | D:6      | Gained mutation: You are very frail. (-20% HP) [mutagenic meat]
  4175 | D:6      | Gained mutation: You have sharp toenails. [mutagenic meat]
  4176 | D:6      | Lost mutation: You have sharp toenails. [mutagenic meat]
  4177 | D:6      | Gained mutation: Your natural rate of healing is unusually fast. [mutagenic meat]
  4240 | D:6      | Found a white marble altar of Elyvilon.
  4266 | D:6      | Lost mutation: You are very frail. (-20% HP) [potion of mutation]
  4266 | D:6      | Gained mutation: Your movements are slightly less encumbered by armour. (ER -2) [potion of mutation]
  4435 | D:6      | Slain by an orc warrior

Vault maps used:
D:1:      dpeg_arrival_prison
D:2:      nicolae_overflow_crystal_walls, uniq_iyjb
D:3:      uniq_sigmund, uniq_natasha, uniq_jessica
D:4:      kennysheep_little_box, first_bread
D:5:      minivault_26
D:6:      old_standard_altar, elyvilon_altar_4

Skill      XL: |  1  2  3  4  5  6  7  8 |
---------------+-------------------------+-----
Axes           | 4 5 6 8 9 10 | 10.5
Fighting       | 4 6 7 |  7.8
Armour         | 3 5 7 |  7.2
Dodging        | |  2.1

Action                   |  1- 3 |  4- 6 |  7- 9 || total
-------------------------+-------+-------+-------++-------
Melee: Hand axe          |    64 |   138 |   161 ||   363
       Headbutt          |    12 |    28 |    41 ||    81
       War axe           |       |       |    25 ||    25
Invok: Berserk           |     1 |     1 |     1 ||     3
       Trog's Hand       |       |     3 |     5 ||     8
  Use: Scroll            |     6 |     1 |     6 ||    13
       Potion            |       |     1 |     2 ||     3
  Eat: Chunk             |     2 |     6 |    16 ||    24
Armor: Plate armour      |    38 |    70 |    82 ||   190
Dodge: Dodged            |    21 |    21 |    57 ||    99
